 Dungeon Crawl Stone Soup version 0.30-a0-540-g0af01429fa (webtiles) character file.

Game seed: 8606049189696154695

814 Jase the Cleaver (level 7, 0/57 HPs)
             Began as a Hill Orc Fighter on Dec 25, 2022.
             Was a Priest of Wu Jian.
             Succumbed to Ijyb's poison
             ... on level 5 of the Dungeon.
             The game lasted 00:11:08 (3394 turns).

Jase the Cleaver (Hill Orc Fighter)                 Turns: 3394, Time: 00:11:08

Health: 0/57       AC: 19    Str: 21    XL:     7   Next: 93%
Magic:  7/7        EV:  6    Int: 14    God:    Wu Jian [***...]
Gold:   215        SH:  0    Dex: 10    Spells: 6/6 levels left

rFire   + . .      SeeInvis .    a - +0 war axe
rCold   + . .      Faith    .    (no shield)
rNeg    + . .      Spirit   .    x - +0 plate armour {rF+}
rPois   .          Reflect  .    (no helmet)
rElec   .          Harm     .    v - +1 cloak
rCorr   .          Rampage  .    (no gloves)
Will    .....                    (no boots) Stlth
                                 u - amulet of regeneration
HPRegen 1.09/turn                t - ring of Ufoej {rC+ rN+ AC+4}
MPRegen 0.10/turn                w - +6 ring of intelligence

@: brilliant, lethally poisoned (0 -> -17), exhausted, studying Shields
A: no striking features
a: Renounce Religion, Wall Jump, Serpent's Lash


You were on level 5 of the Dungeon.
You worshipped Wu Jian.
Wu Jian was most pleased with you.
You visited 1 branch of the dungeon, and saw 5 of its levels.

You collected 251 gold pieces.
You spent 36 gold pieces at shops.

Inventory:

Hand Weapons
 a - a +0 war axe (weapon)
Missiles
 e - 69 stones (quivered)
Armour
 v - a +1 cloak (worn)
 x - a +0 plate armour of fire resistance (worn)
Jewellery
 t - the ring of Ufoej (left hand) {rC+ rN+ AC+4}
   (You found it on level 4 of the Dungeon)

   [ring of protection]

   AC:        It affects your AC (+4).
   rC:        It protects you from cold.
   rN:        It protects you from negative energy.
 u - an amulet of regeneration (around neck)
 w - a +6 ring of intelligence (right hand)
Wands
 s - a wand of polymorph (11)
 y - a wand of mindburst (21)
Scrolls
 b - a scroll of fear
 c - a scroll of magic mapping {unknown}
 g - 3 scrolls of teleportation {unknown}
 h - a scroll of enchant weapon {unknown}
 j - a scroll of butterflies {unknown}
 l - a scroll of blinking {unknown}
 n - a scroll of immolation {unknown}
 q - a scroll of amnesia {unknown}
Potions
 d - a potion of might
 f - 2 potions of mutation
 i - a potion of cancellation
 k - a potion of resistance {unknown}
 m - 2 potions of brilliance
 o - 5 potions of heal wounds {unknown}
 p - 2 potions of berserk rage {unknown}


   Skills:
 - Level 3.6 Fighting
 + Level 8.4 Axes
 + Level 7.4 Armour
 - Level 3.2 Shields


You had 6 spell levels left.
You didn't know any spells.
Your spell library contained the following spells:

 Spells                   Type           Power      Damage    Failure   Level
 Sting                    Tmut/Pois      0%         1d3       99%         1
 Poisonous Vapours        Pois/Air       0%         N/A       100%        2
 Olgreb's Toxic Radiance  Pois           0%         N/A       100%        4


Dungeon Overview and Level Annotations

Branches:
Dungeon (5/15)
 Temple: D:4-7

Altars:
Wu Jian

Shops:
D:1 ?


Message History

The now-empty wand crumbles to dust.
You closely miss Ijyb.
You feel very sick. Ijyb barely misses you.
Ijyb hits you with a +4 dagger of venom.
You barely miss Ijyb.
You feel sick. Ijyb barely misses you.
You hit Ijyb.
Ijyb is lightly wounded.
You feel sick. Ijyb hits you but does no damage.
You are more poisoned.
You hit Ijyb.
Ijyb is moderately wounded.
You feel very sick.
Ijyb hits you with a +4 dagger of venom.
You are more poisoned.
You barely miss Ijyb.
Ijyb is moderately wounded.
You feel very sick. Ijyb hits you but does no damage.
You are lethally poisoned!
You barely miss Ijyb.
Ijyb is moderately wounded.
* * * LOW HITPOINT WARNING * * *
You feel extremely sick. Ijyb hits you but does no damage.
You are more poisoned.
You hit Ijyb but do no damage.
Ijyb is moderately wounded.
* * * LOW HITPOINT WARNING * * *
You feel extremely sick. Ijyb barely misses you.
Your muscles tense, ready for explosive movement...
You lunge with incredible momentum at Ijyb.
You slice Ijyb!!
You blow up Ijyb!
The Council accepts your kill.
Your supernatural speed expires.
It was a potion of brilliance.
You feel clever all of a sudden.
You die...

### #######.###
#.(.○@)s#..
#.#####.#.# #.##
#.#.# #....##s#.#
#....#.##########
#.........†......
##s###.##########
... #.# ###. #.#


You could see a scorpion.

Vanquished Creatures
  Grinder (D:4)
  A steam dragon (D:4)
  A black bear (D:5)
  An orc priest (D:3)
  2 jellies (D:4)
  Ijyb (D:5)
  3 iguanas (D:4)
  Robin (D:2)
  4 gnolls (D:2)
  5 adders
  An ufetubus (D:4)
  A worm (D:4)
  A dart slug (D:4)
  10 orcs
  7 ball pythons
  5 bats
  10 endoplasms
  3 giant cockroaches
  11 goblins
  5 hobgoblins
  3 jackals (D:1)
  7 kobolds
  A quokka (D:3)
  3 frilled lizards (D:3)
  7 rats
95 creatures vanquished.

Notes
Turn   | Place    | Note
-------+----------+-------------------------------------------
     0 | D:1      | Jase the Hill Orc Fighter began the quest for the Orb.
     0 | D:1      | Reached XP level 1. HP: 19/19 MP: 1/1
    44 | D:1      | Reached skill level 3 in Axes
    49 | D:1      | Reached XP level 2. HP: 24/26 MP: 2/2
   242 | D:1      | Found Afunnux's Magic Scroll Boutique.
   252 | D:1      | Bought a scroll of identify for 24 gold pieces
   254 | D:1      | Bought a scroll of noise for 12 gold pieces
   472 | D:1      | Found a faded altar of an unknown god.
   475 | D:1      | Prayed at the altar of an unknown god.
   475 | D:1      | Became a worshipper of the Wu Jian Council
   475 | D:1      | Reached * piety under Wu Jian
   599 | D:2      | Reached XP level 3. HP: 31/31 MP: 3/3
   710 | D:2      | Reached skill level 4 in Axes
   778 | D:2      | Reached XP level 4. HP: 37/39 MP: 4/4
  1300 | D:2      | Noticed Robin
  1301 | D:2      | Reached skill level 5 in Axes
  1312 | D:2      | Killed Robin
  1313 | D:2      | Reached XP level 5. HP: 43/45 MP: 5/5
  1483 | D:3      | Reached skill level 5 in Armour
  1491 | D:3      | Reached ** piety under Wu Jian
  2279 | D:4      | Noticed a steam dragon
  2296 | D:4      | Killed a steam dragon
  2297 | D:4      | Reached skill level 6 in Axes
  2297 | D:4      | Reached XP level 6. HP: 26/51 MP: 6/6
  2300 | D:4      | Noticed Grinder
  2313 | D:4      | Killed Grinder
  2314 | D:4      | Reached skill level 7 in Axes
  2314 | D:4      | Reached XP level 7. HP: 27/57 MP: 7/7
  2530 | D:4      | Identified the ring of Ufoej {rC+ rN+ AC+4}
  2843 | D:4      | Reached *** piety under Wu Jian
  3068 | D:4      | Reached skill level 8 in Axes
  3287 | D:5      | Entered Level 5 of the Dungeon
  3368 | D:5      | Noticed Ijyb
  3394 | D:5      | Killed Ijyb
  3394 | D:5      | Succumbed to Ijyb's poison

Illustrated notes

Levels and vault maps discovered:
D:1:      dpeg_arrival_rooms_b, layout_rooms, serial_shops, shop,
          shapermc_ecumenical_altar_mp_vishouse, chequers_serial_rivers_micro_d,
          minmay_pentomino_w4
D:2:      minmay_inner_zag, layout_basic, uniq_robin
D:3:      layout_basic
D:4:      layout_basic, uniq_grinder
D:5:      layout_basic, kennysheep_windowed_goal, uniq_ijyb

Skill      XL: |  1  2  3  4  5  6  7 |
---------------+----------------------+-----
Axes           | 3 4 5 6 7 8 |  8.4
Armour         | 4 5 6 7 |  7.4
Fighting       | |  3.6
Shields        | |  3.2

Action                   |  1- 3 |  4- 6 |  7- 9 || total
-------------------------+-------+-------+-------++-------
Melee: War axe           |    77 |   121 |    78 ||   276
       Punch             |     1 |     1 |     1 ||     3
Throw: Stone             |       |     1 |       ||     1
Invok: Lunge             |     5 |    16 |    11 ||    32
       Whirlwind         |       |    14 |     8 ||    22
       Serpent's Lash    |       |       |     1 ||     1
 Abil: Wall Jump         |       |     6 |     2 ||     8
  Use: Scroll            |     3 |     1 |     1 ||     5
       Potion            |       |     1 |     2 ||     3
Armor: Scale mail        |     4 |       |       ||     4
       Plate armour      |    45 |    72 |    38 ||   155
Dodge: Dodged            |    27 |    39 |    24 ||    90

Table legend: (Time is in decaauts)
 A = Elapsed time spent in this place.
 B = Non-inter-level travel time spent in this place.
 C = Inter-level travel time spent in this place.
 D = Time resting spent in this place.
 E = Time spent auto-exploring this place.
 F = Levels seen in this place.
 G = Mean time per level.
                   A        B        C        D        E       F      G
               +--------+--------+--------+--------+--------+-----+--------+
         Total |   3450 |   3352 |     98 |    134 |   2441 |   5 |  690.0 |
       Dungeon |   3450 |   3352 |     98 |    134 |   2441 |   5 |  690.0 |
               +--------+--------+--------+--------+--------+-----+--------+

Top non-repeatable levels by time:
     D:4: 1022 daAuts
     D:2: 967 daAuts
     D:3: 803 daAuts
     D:1: 548 daAuts
     D:5: 109 daAuts
